 Dungeon Crawl Stone Soup version 0.24-a0-203-gf0bc1e94ae (console) character file.

Game seed: 11987319670403306267

550 CedricFluffyTheSecon the Ruffian (level 7, -1/47 HPs)
             Began as an Octopode Fighter on Mar 28, 2019.
             Shot with an arrow by a centaur (17 damage)
             ... on level 5 of the Dungeon.
             The game lasted 00:12:05 (4362 turns).

CedricFluffyTheSecon the Ruffian (Octopode Fighter) Turns: 4362, Time: 00:12:05

Health: -1/47      AC:  1    Str: 19    XL:     7   Next: 29%
Magic:  7/7        EV: 12    Int: 11    God:
Gold:   175        SH: 10    Dex: 13    Spells: 6/6 levels left

rFire    . . .     SeeInvis +     - Unarmed
rCold    . . .     Gourm    .   a - +1 shield
rNeg     . . .     Faith    .   (helmet restricted)
rPois    .         Spirit   .   (no amulet)
rElec    .         Reflect  .   i - +4 ring of strength
rCorr    .         Harm     .   q - ring of see invisible
MR       .....                  (no ring)
Stlth    ++........             (no ring)
HPRegen  0.15/turn              (no ring)
MPRegen  0.10/turn              (no ring)
                                (no ring)
                                (no ring)

@: no status effects
A: almost no armour, stealthy swim, amphibious, 8 rings, constrict 8, camouflage
1, gelatinous body 1
a: no special abilities


You were on level 5 of the Dungeon.
You were not hungry.

You visited 1 branch of the dungeon, and saw 5 of its levels.
You also visited: Ossuary.

You collected 175 gold pieces.

Inventory:

Armour
 a - a +1 shield (worn)
Jewellery
 i - a +4 ring of strength (left tentacle)
 q - a ring of see invisible (right tentacle)
Wands
 n - a wand of random effects (18)
Scrolls
 d - 4 scrolls of immolation {unknown}
 f - a scroll of identify
 h - a scroll of brand weapon {unknown}
 l - a scroll of teleportation {unknown}
 m - 3 scrolls of random uselessness {unknown}
 o - a scroll of remove curse
 s - 5 scrolls of noise {unknown}
 t - a scroll of enchant armour
Potions
 b - 3 potions of might
 e - 10 potions of curing
 g - a potion of magic
 j - 2 potions of haste {unknown}
 k - 3 potions of heal wounds
 p - 3 potions of lignification {unknown}
 r - a potion of flight {unknown}
 u - a potion of agility {unknown}
Comestibles
 c - 6 rations


   Skills:
 + Level 3.8 Fighting
 - Level 3.3 Dodging
 + Level 4.4 Shields
 * Level 6.3 Unarmed Combat


You had 6 spell levels left.
You didn't know any spells.
Your spell library was empty.

Dungeon Overview and Level Annotations

Branches:
Dungeon (5/15)
 Temple: D:4-7

Altars:
Elyvilon
Qazlal
Trog

Annotations:
D:4 Edmund
D:5 Prince Ribbit


Innate Abilities, Weirdness & Mutations

You cannot wear most types of armour.
You are very stealthy in the water. (Stealth+)
You are amphibious.
You can wear up to eight rings at the same time.
You can use your tentacles to constrict eight enemies at once.
Your skin changes colour to match your surroundings (Stealth+).
Your rubbery body absorbs attacks. (AC +1, EV +1)


Message History

There is an open door here.
The helpless goblin zombie fails to defend itself.
You bludgeon the goblin zombie!
You destroy the goblin zombie!
No target in view!
You now have 175 gold pieces (gained 7).
c - 6 rations (gained 1)
A centaur comes into view.
The centaur shouts!
The centaur wields a +0 shortbow.
The centaur shoots an arrow.
The arrow hits you!
The centaur shoots an arrow.
You block the arrow.
You see here an arrow.
The centaur shoots an arrow.
The arrow hits you!
You see here an arrow.
You are too injured to fight recklessly!
You are too injured to fight recklessly!
You are too injured to fight recklessly!
The centaur shoots an arrow.
The arrow hits you.
The centaur shoots an arrow.
The arrow hits you!
You die...

........................>....#.#.
....^.....##..................<#.
#.######.....#####.#####..######.
...# +.....# #.# #.......#. .#.#
#.....# ###.######.####.#. .#.##
###'#.# #.(........# #.#. .#..#
#.#.###.#.###########.#. .##.#
#.#.. #(#.............#. ......#
#.#.#.#@#########.###### ......#
#.#.#.#.# #....... ......# #...#
#.# #.###### ......######.#.#c#
#.#....# .../........<..#.#
##....... #...#.######.###.#
#.......# #...#.# ......#
#.##.#### O#.#.... #.##.####
#.#.#..... #...<....


You could see a centaur.

Vanquished Creatures
  2 crimson imps
  A bullfrog zombie (D:5)
  A centaur zombie (Ossuary)
  An orc priest (D:2)
  Jessica (D:3)
  Ijyb (D:3)
  An orc wizard (D:3)
  2 worker ants
  2 big kobold zombies (Ossuary)
  5 mummies
  4 adders
  3 gnolls (D:5)
  A shadow imp (D:5)
  A worm (D:3)
  A dart slug (D:1)
  4 leopard geckos
  3 orcs
  A giant cockroach (D:1)
  3 gnoll zombies (Ossuary)
  10 goblins
  8 hobgoblins
  8 jackals
  12 kobolds
  3 quokkas
  8 bats
  3 frilled lizards
  2 goblin zombies (D:5)
  A kobold zombie (Ossuary)
  An orc zombie (Ossuary)
  7 rats
101 creatures vanquished.

Notes
Turn   | Place    | Note
-------+----------+-------------------------------------------
     0 | D:1      | CedricFluffyTheSecon the Octopode Fighter began the quest
                  | for the Orb.
     0 | D:1      | Reached XP level 1. HP: 16/16 MP: 1/1
   127 | D:1      | Reached XP level 2. HP: 16/21 MP: 2/2
   317 | D:1      | Reached XP level 3. HP: 14/26 MP: 3/3
  1445 | D:2      | Reached XP level 4. HP: 31/31 MP: 4/4
  1756 | D:2      | Found a bloodstained altar of Trog.
  1977 | D:2      | Reached skill level 3 in Unarmed Combat
  2128 | D:3      | Noticed Ijyb
  2431 | D:3      | Killed Ijyb
  2431 | D:3      | Reached XP level 5. HP: 29/36 MP: 5/5
  2441 | D:3      | Reached skill level 4 in Unarmed Combat
  2691 | D:3      | Noticed Jessica
  2698 | D:3      | Killed Jessica
  2802 | D:3      | Found a white marble altar of Elyvilon.
  2920 | D:3      | Reached XP level 6. HP: 39/42 MP: 6/6
  3484 | D:4      | Reached skill level 5 in Unarmed Combat
  3490 | D:4      | Noticed Edmund
  3502 | D:5      | Entered Level 5 of the Dungeon
  3544 | D:5      | Found a stormy altar of Qazlal.
  3640 | D:5      | Noticed Prince Ribbit
  3814 | D:5      | Found a sand-covered staircase.
  3820 | Ossuary  | Entered an ossuary
  3988 | Ossuary  | Reached XP level 7. HP: 30/47 MP: 7/7
  4108 | Ossuary  | Reached skill level 6 in Unarmed Combat
  4362 | D:5      | Shot with an arrow by a centaur

Levels and vault maps discovered:
D:1:      mrwooster_arrival_statue_3, layout_loops_cross,
          minmay_misc_feat_rugged
D:2:      layout_basic, lemuel_coloured_pillars_altar, first_ration
D:3:      layout_basic, overflow_temple_1_default, grunt_decor_cap, uniq_ijyb,
          uniq_jessica
D:4:      layout_rooms, kennysheep_dice, uniq_edmund, uniq_menkaure,
          uniq_grinder, uniq_pikel
D:5:      layout_basic, kennysheep_little_box, lemuel_round_altar,
          minmay_temple_entry_mini_moons, nicolae_ossuary_entry_giza,
          uniq_prince_ribbit1
Ossuary:  ossuary_crypta

Skill      XL: |  1  2  3  4  5  6  7 |
---------------+----------------------+-----
Unarmed Combat | 3 4 5 6 |  6.3
Shields        | 4 |  4.4
Fighting       | |  3.8
Dodging        | |  3.3

Action                   |  1- 3 |  4- 6 |  7- 9 || total
-------------------------+-------+-------+-------++-------
Melee: Unarmed           |    82 |   120 |    37 ||   239
       Tentacles         |    20 |    24 |    12 ||    56
       Constrict         |    25 |    29 |    11 ||    65
       Punch             |     1 |     6 |     1 ||     8
  Use: Scroll            |       |     8 |     1 ||     9
       Potion            |       |     3 |       ||     3
 Stab: Sleeping          |     5 |     7 |     4 ||    16
       Distracted        |       |     1 |       ||     1
  Eat: Chunk             |     1 |     8 |       ||     9
       Ration            |       |       |     1 ||     1
Armor: Skin              |     2 |     6 |       ||     8
Dodge: Dodged            |    36 |    35 |     8 ||    79
Block: Shield            |    30 |    49 |     7 ||    86

Table legend:
 A = Non-vault XP
 B = Vault XP
 C = Vault XP percentage of total XP
 D = Non-vault monster count
 E = Vault monster count
 F = Vault count percentage of total count
                 A         B        C        D         E       F
            +---------+---------+-------+---------+---------+-------
      Total |     525 |     262 |  33.3 |      84 |      17 |  16.8
            +---------+---------+-------+---------+---------+-------
        D:1 |      41 |       0 |   0.0 |      22 |       0 |   0.0
        D:2 |      97 |       0 |   0.0 |      24 |       0 |   0.0
        D:3 |     154 |      72 |  31.9 |      27 |       2 |   6.9
        D:4 |      33 |       0 |   0.0 |       2 |       0 |   0.0
        D:5 |     200 |      20 |   9.1 |       9 |       3 |  25.0
    Ossuary |       0 |     170 | 100.0 |       0 |      12 | 100.0
            +---------+---------+-------+---------+---------+-------
